 Dungeon Crawl Stone Soup version 0.31.0-9-g3a7656b989 (webtiles) character file.

Game seed: 474084952573621694

93 Strat the Ducker (level 4, -4/35 HPs)
             Began as a Merfolk Air Elementalist on Jan 24, 2024.
             Killed by divine providence
             ... invoked by an orc priest
              (11 damage)
             ... on level 3 of the Dungeon.
             The game lasted 00:05:16 (2478 turns).

Strat the Ducker (Merfolk Air Elementalist)         Turns: 2478, Time: 00:05:17

Health: -4/35      AC:  5    Str:  8    XL:     4   Next: 61%
Magic:  1/7        EV: 16    Int: 14    God:
Gold:   41         SH:  0    Dex: 16    Spells: 6/7 levels left

rFire   + . .        a - +0 long sword
rCold   . . .        (no shield)
rNeg    . . .        l - +0 ring mail
rPois   .            (no helmet)
rElec   .            (no cloak)
rCorr   .            (no gloves)
SInv    .            (no boots)
Will    .....        (no amulet)
Stlth   +            q - +5 ring of evasion
HPRegen 0.25/turn    u - ring of protection from fire
MPRegen 0.10/turn

%: no passive effects
@: very slightly contaminated
A: (nimble swimmer 2), mertail
a: no special abilities


You were on level 3 of the Dungeon.
You visited 1 branch of the dungeon, and saw 3 of its levels.

You collected 41 gold pieces.

Inventory:

Hand Weapons
 a - a +0 long sword (weapon)
 b - a +0 sling
 f - a +0 dagger
Missiles
 z - 5 poisoned darts
Armour
 d - a +0 robe
 j - a +0 leather armour
 l - a +0 ring mail (worn)
Jewellery
 i - an amulet of faith
 q - a +5 ring of evasion (left hand)
 u - a ring of protection from fire (right hand)
Scrolls
 c - 2 scrolls of noise {unknown}
 k - a scroll of fog {unknown}
 m - 3 scrolls of teleportation {unknown}
 n - a scroll of identify {unknown}
 p - a scroll of enchant weapon {unknown}
 s - a scroll of blinking {unknown}
 t - a scroll of summoning {unknown}
 v - a scroll of revelation {unknown}
 w - a scroll of poison {unknown}
 y - a scroll of enchant armour {unknown}
Potions
 e - a potion of magic
 g - 2 potions of curing {unknown}
 h - a potion of might {unknown}
 o - a potion of heal wounds {unknown}
 r - a potion of resistance {unknown}
 x - a potion of cancellation {unknown}


   Skills:
 * Level 3.5 Fighting
 + Level 4.2 Dodging
 - Level 2.1 Stealth
 - Level 2.0 Spellcasting
 - Level 0.7 Conjurations
 - Level 2.4 Air Magic


You had 6 spell levels left.
You knew the following spells:

 Your Spells              Type           Power      Damage    Failure   Level
a - Shock                 Conj/Air       20%        1d4       36%         1

Your spell library contained the following spells:

 Spells                   Type           Power      Damage    Failure   Level
 Static Discharge         Conj/Air       10%        3-4/arc   52%         2
 Swiftness                Air            8%         N/A       63%         3
 Airstrike                Air            4%         2d(1-17)  95%         4
 Passage of Golubria      Tloc           1%         N/A       100%        4
 Silence                  Hex/Air        2%         N/A       100%        5
 Lehudib's Crystal Spear  Conj/Erth      1%         10d2      100%        8


Dungeon Overview and Level Annotations

Branches:
Dungeon (3/15)

Altars:


Innate Abilities, Weirdness & Mutations

((You are very nimble when in or above water. (Stealth+, EV+, Speed+++)))
Your lower body shifts to a powerful aquatic tail in water.


Message History

The orc priest calls upon Beogh to heal the orc.
The orc's wounds heal themselves!
The orc closely misses you.
You hear a shout! x2
Unknown command.
Casting: Shock (safe; 36% risk of failure)
Confirm with . or Enter, or press ? or * to list all spells.
Aiming: Shock (safe; 36% risk of failure)
Press: ? - help, Shift-Dir - straight line You miscast Shock.
Nothing appears to happen.
The orc priest calls down the wrath of Beogh upon you.
Beogh smites you!
* * * LOW HITPOINT WARNING * * *
The orc closely misses you.
You barely miss the orc. You punch the orc.
The orc is lightly wounded.
The orc hits you but does no damage.
You hit the orc.
The orc is heavily wounded.
The orc priest looks encouraged for a moment.
The orc completely misses you.
The orc priest calls upon Beogh to heal the orc.
The orc's wounds heal themselves!
You hear a shout!
The orc attacks as it pursues you! The orc misses you.
The orc priest begins to cast a cantrip, but forgets the words!
The orc wizard casts a spell.
The orc wizard flickers and vanishes!
Deactivating autopickup; reactivate with Ctrl-A.
The orc priest hits you with a +0 flail!
* * * LOW HITPOINT WARNING * * *
The orc priest attacks as it pursues you!
The orc priest misses you. The orc attacks as it pursues you!
The orc hits you with a +0 club.
* * * LOW HITPOINT WARNING * * *
The orc priest looks encouraged for a moment.
The orc attacks as it pursues you! The orc closely misses you.
The orc attacks as it pursues you! The orc closely misses you.
The orc priest mumbles some strange prayers to Beogh against you.
Beogh smites you!
You die...

...##.##......# #.......#
##.##.......########.###.#.#
.#.##..#.##.......##^###.#.#
..........o..####.##.....#.#
##.###.####..####.##.......#
##.# #.####..##..........#.#
...#
#..†..o.##.#.##.......###
####
#######.....<.##K........
#.oo.@..###.#.#.###
#.##.##.# #.....# #.##.##.#
###.### #.##.##.# .#
#.......# .. ####.#### ...
##.# ...# #..# .... #.##
.....


You could see 2 orc priests and an orc.

Vanquished Creatures
  An orc priest (D:3)
  A gnoll (D:1)
  A ribbon worm (D:2)
  2 orcs (D:3)
  3 bats
  4 endoplasms
  5 giant cockroaches
  8 goblins
  4 hobgoblins
  2 jackals (D:1)
  A quokka (D:3)
  4 ball pythons
  4 frilled lizards
  4 kobolds
  4 rats
48 creatures vanquished.

Notes
Turn   | Place    | Note
-------+----------+-------------------------------------------
     0 | D:1      | Strat the Merfolk Air Elementalist began the quest for the
                  | Orb.
     0 | D:1      | Reached XP level 1. HP: 13/13 MP: 3/3
   249 | D:1      | Reached skill level 1 in Fighting
   249 | D:1      | Reached skill level 3 in Dodging
   325 | D:1      | Reached XP level 2. HP: 21/21 MP: 0/5
   698 | D:1      | Reached XP level 3. HP: 27/28 MP: 0/6
  2212 | D:3      | Reached XP level 4. HP: 35/35 MP: 7/7
  2221 | D:3      | Found a faded altar of an unknown god.
  2228 | D:3      | Reached skill level 4 in Dodging
  2478 | D:3      | Killed from afar by an orc priest

Illustrated notes

Levels and vault maps discovered:
D:1:      eino_arrival_cavern_c, layout_basic, serial_forest,
          infiniplex_forest_lined_3, infiniplex_forest_clump_small,
          infiniplex_forest_end_3, infiniplex_forest_split,
          infiniplex_forest_end_3, infiniplex_forest_lined_3,
          chequers_arboretum, minmay_quantized
D:2:      layout_rooms, minmay_box_of_dots
D:3:      layout_loops_cross, yredelemnul_altar_generic, basic_ecumenical_altar,
          nrook_uturn

Skill      XL: |  1  2  3  4 |
---------------+-------------+-----
Fighting       | 1 2 3 |  3.5
Dodging        | 3 4 |  4.2
Stealth        | |  2.1
Spellcasting   | |  2.0
Conjurations   | |  0.7
Air Magic      | |  2.4

Action                     |  1- 3 |  4- 6 || total
---------------------------+-------+-------++-------
  Melee: Unarmed           |    11 |       ||    11
         Dagger            |     3 |       ||     3
         Long sword        |    81 |    25 ||   106
         Punch             |       |     1 ||     1
   Cast: Shock             |    35 |     5 ||    40
   Stab: Sleeping          |     1 |       ||     1
 Armour: Robe              |    29 |       ||    29
         Ring mail         |    33 |    16 ||    49
         Leather armour    |     1 |       ||     1
  Dodge: Dodged            |   104 |    37 ||   141
